 Dungeon Crawl Stone Soup version 0.31.0-9-g3a7656b989 (webtiles) character file.

Game seed: 658202991922770662

20721 Eitelfritz the Severer (level 12, -30/110 HPs)
             Began as a Hill Orc Fighter on Feb 2, 2024.
             Was a High Priest of Beogh.
             Annihilated by a very large slime creature (52 damage)
             ... on level 14 of the Dungeon.
             The game lasted 00:37:08 (14648 turns).

Eitelfritz the Severer (Hill Orc Fighter)          Turns: 14648, Time: 00:37:08

Health: -30/110    AC: 18    Str: 30    XL:     12   Next: 82%
Magic:  16/16      EV: 16    Int:  8    God:    Beogh [*****.]
Gold:   682        SH:  6    Dex: 13    Spells: 11/11 levels left

rFire   + + .        a - +3 war axe
rCold   + . .        c - +0 buckler
rNeg    . . .        S - +2 scale mail {rF+}
rPois   .            j - +1 hat {SInv}
rElec   .            w - +2 cloak {Stlth+}
rCorr   +            L - +0 pair of gloves "Deemonty" {Rampage rC+ rCorr}
SInv    +            u - +0 pair of boots
Will    .....        A - amulet of regeneration
Stlth   ++           y - +5 ring of evasion
HPRegen 1.18/turn    J - ring of Woblupti {rF+ Str+6 Dex+3}
MPRegen 0.15/turn

%: rampage
@: studying Fire Magic
A: walk on water
a: Renounce Religion, Smiting, Recall Orcish Followers, Give Item to Named
Follower


You were on level 14 of the Dungeon.
You worshipped Beogh.
Beogh was extremely pleased with you.
You visited 2 branches of the dungeon, and saw 15 of its levels.
You also visited: Sewer.

You collected 976 gold pieces.
You spent 294 gold pieces at shops.

Inventory:

Hand Weapons
 a - a +3 war axe (weapon)
 b - a +0 sling
 W - the +6 demon whip of the Unstoppable Lovers {flame, rN+}
   (You found it on level 12 of the Dungeon)

   rN+:       It protects you from negative energy.
Missiles
 o - 4 throwing nets
 s - 15 boomerangs (quivered)
 B - 52 poisoned darts
 C - a curare-tipped dart
Armour
 c - a +0 buckler (worn)
 g - an orb of light
 j - a +1 hat of see invisible (worn)
 u - a +0 pair of boots (worn)
 w - a +2 cloak of stealth (worn)
 L - the +0 pair of gloves "Deemonty" (worn) {Rampage rC+ rCorr}
   (You acquired it on level 7 of the Dungeon)

   rC+:       It protects you from cold.
   rCorr:     It protects you from acid and corrosion.
   Rampage:   It bestows one free step when moving towards enemies.
 S - a +2 scale mail of fire resistance (worn)
Jewellery
 i - a ring of positive energy
 l - a ring of protection from cold
 y - a +5 ring of evasion (left hand)
 A - an amulet of regeneration (around neck)
 H - a ring of ice
 J - the ring of Woblupti (right hand) {rF+ Str+6 Dex+3}
   (You found it on level 6 of the Dungeon)

   [ring of strength]

   Str+6:     It affects your strength (+6).
   Dex+3:     It affects your dexterity (+3).
   rF+:       It protects you from fire.
 T - an amulet of magic regeneration
 Y - a ring of positive energy
Wands
 d - a wand of mindburst (13)
 P - a wand of roots (13)
 U - a wand of quicksilver (6)
 V - a wand of digging (11)
 X - a wand of flame (14)
Scrolls
 m - 3 scrolls of blinking
 p - 4 scrolls of fog
 t - a scroll of butterflies
 v - 4 scrolls of vulnerability
 x - 4 scrolls of teleportation
 I - 2 scrolls of poison
 M - 3 scrolls of revelation
 Q - a scroll of amnesia
Potions
 e - 4 potions of brilliance
 f - 3 potions of enlightenment
 h - 5 potions of attraction
 k - a potion of cancellation {unknown}
 n - 2 potions of invisibility {unknown}
 q - 7 potions of curing
 r - 2 potions of haste
 z - a potion of heal wounds
 D - a potion of resistance {unknown}
 E - 3 potions of magic
 F - 3 potions of might
 G - 3 potions of lignification {unknown}
 K - 5 potions of mutation {unknown}
 N - a potion of berserk rage {unknown}
 O - a potion of ambrosia {unknown}


   Skills:
 + Level 11.3 Fighting
 + Level 16.9 Axes
 + Level 2.7 Ranged Weapons
 + Level 0.9 Throwing
 + Level 9.9 Armour
 + Level 3.6 Dodging
 + Level 3.9 Stealth
 + Level 7.8 Shields
 + Level 6.2 Invocations


You had 11 spell levels left.
You didn't know any spells.
Your spell library contained the following spells:

 Spells                   Type           Power      Damage    Failure   Level
 Foxfire                  Conj/Fire      0%         2x1d4     65%         1
 Blink                    Tloc           0%         N/A       80%         2
 Ensorcelled Hibernation  Hex/Ice        0%         N/A       80%         2
 Lesser Beckoning         Tloc           0%         N/A       80%         2
 Momentum Strike          Conj/Tloc      0%         3d8       80%         2
 Fugue of the Fallen      Necr           0%         N/A       95%         3
 Ozocubu's Armour         Ice            0%         N/A       95%         3
 Passwall                 Erth           0%         N/A       95%         3
 Swiftness                Air            0%         N/A       95%         3
 Animate Armour           Summ/Erth      0%         N/A       100%        4
 Cause Fear               Hex            0%         N/A       100%        4
 Manifold Assault         Tloc           0%         N/A       100%        4
 Summon Lightning Spire   Summ/Air       0%         N/A       100%        4
 Fireball                 Conj/Fire      0%         3d3       100%        5
 Lee's Rapid Deconstruct  Erth           0%         3d4*      100%        5
 Plasma Beam              Fire/Air       0%         2x1d10    100%        6
 Starburst                Conj/Fire      0%         6d3       100%        6
 Dragon's Call            Summ           0%         N/A       100%        9


Dungeon Overview and Level Annotations

Branches:
Dungeon (14/15)            Temple (1/1) D:6            Lair (0/5) D:11
    Orc (0/2) D:9           Sewer (visited)
 Vaults: D:13-14

Altars:
Ashenzari
Cheibriados
Dithmenos
Elyvilon
Fedhas
Gozag
Hepliaklqana
Kikubaaqudgha
Makhleb
Nemelex Xobeh
Okawaru
Qazlal
Ru
Sif Muna
Trog
Uskayaw
Vehumet
Wu Jian
Xom
Yredelemnul
Zin
The Shining One

Shops:
D:5 ***   D:6 *

Annotations:
Temple 2 transporters


Message History

* * * LOW HITPOINT WARNING * * *
Marbork roars a battlecry!
Your orc warrior goes into a battle-frenzy!
Boruk roars a battlecry!
Marbork goes into a battle-frenzy!
The very large slime creature closely misses you.
You feel much better.
The centaur warrior hits you but does no damage.
The centaur warrior kicks you but does no damage.
Your orc warrior hits the slime creature with a +2 dagger of protection!
The slime creature completely misses you.
The slime creature hits your orc warrior!
The centaur warrior hits you but does no damage.
The centaur warrior kicks you but does no damage.
The very large slime creature hits you but does no damage.
You hit the slime creature.
The slime creature is almost dead.
You barely miss the slime creature. You hit the centaur warrior.
You hit the very large slime creature. The centaur warrior hits you!
* * * LOW HITPOINT WARNING * * *
The centaur warrior kicks you but does no damage.
Your orc warrior hits the slime creature with a +2 dagger of protection!
The slime creature dies!
Beogh accepts your kill.
Your orc warrior looks more experienced.
The slime creature closely misses you.
Boruk no longer looks unusually strong.
The centaur warrior hits you!
* * * LOW HITPOINT WARNING * * *
You block the centaur warrior's attack.
Boruk shoots an arrow.
The arrow barely misses the centaur warrior.
The very large slime creature barely misses you.
The centaur warrior hits you but does no damage.
The centaur warrior kicks you but does no damage.
You slash the very large slime creature!
The very large slime creature is heavily wounded.
You hit the slime creature. You hit the centaur warrior.
Boruk shoots an arrow.
The arrow hits the slime creature.
The very large slime creature hits you!!!
You die...

..## ##.....§≈....##########
...####)....)......#.....
...................#J.J.
.......)...........+...
..........≈≈..#....##'#
..........≈..##....##.####.#
.............o............)#
....≈."......[o.Jc.........#
...§≈≈.........o@J.........#
##.........................#
###########################


You could see a very large slime creature (ally target), a slime creature, a
centaur warrior (ally target), the friendly Boruk the orc knight, the friendly
Marbork the orc knight (strong) and a friendly orc warrior (strong).

Vanquished Creatures
  A centaur warrior (D:13)
  The ghost of beef the Grappler, a novice DrSh of Hepliaklqana (D:8)
  3 deep elf pyromancers
  3 cyclopes
  2 komodo dragons
  4 trolls
  Grinder (Sewer)
  4 slime creatures
  3 vampires
  A shadow (D:10)
  12 yaks
  2 wraiths
  A wyvern (D:8)
  2 fire bats (D:12)
  2 vampire mosquitoes (D:11)
  Menkaure (D:7)
  5 acid dragons
  A water moccasin (D:11)
  3 orc warriors
  5 black bears
  An ice beast (D:7)
  An ogre (D:4)
  2 centaurs
  A phantom (D:6)
  4 kobold brigands
  3 bullfrogs
  5 scorpions
  3 wights (D:9)
  15 killer bees
  2 bombardier beetles
  A quasit (Sewer)
  2 lava snakes (D:14)
  2 jellies
  An orc priest (D:9)
  A hound (D:4)
  A sleepcap (D:5)
  Ijyb (D:3)
  5 orc wizards
  Natasha (thrice) (D:3)
  3 iguanas
  Robin (D:1)
  18 gnolls
  3 river rats (D:6)
  9 adders
  3 shadow imps
  2 white imps (D:7)
  6 ufetubi
  2 ribbon worms
  A dart slug (D:1)
  32 orcs
  7 bats
  11 endoplasms
  4 giant cockroaches
  16 goblins
  12 hobgoblins
  14 jackals
  3 quokkas
  7 ball pythons
  5 frilled lizards
  A giant cockroach zombie (Sewer)
  34 kobolds
  A kobold zombie (Sewer)
  2 rats
308 creatures vanquished.

Vanquished Creatures (collateral kills)
  Harold (D:11)
  2 two-headed ogres
  A boulder beetle (D:13)
  2 ugly things (D:13)
  2 deep elf pyromancers
  A manticore (D:13)
  A cyclops (D:13)
  2 smoke demons (D:12)
  2 molten gargoyles (D:14)
  A gargoyle (D:13)
  3 trolls
  8 slime creatures
  A shadow (D:8)
  2 fire elementals (D:12)
  8 yaks
  A fire bat (D:12)
  4 vampire mosquitoes
  An acid dragon (shapeshifter) (D:13)
  An acid dragon (D:11)
  A water moccasin (D:11)
  4 orc warriors
  A black bear (shapeshifter) (D:14)
  An ogre (D:9)
  3 centaurs
  A kobold brigand (D:8)
  A bullfrog (D:9)
  A gnoll sergeant (D:9)
  3 scorpions (D:11)
  A wight (D:9)
  10 killer bees
  3 lava snakes (D:14)
  A gnoll bouda (D:9)
  2 orc wizards
  2 gnolls (D:9)
  7 orcs
  5 kobolds
91 creatures vanquished.

Vanquished Creatures (others)
  An orc warrior (D:9)
  3 orc priests
  5 orc wizards
  33 orcs
  A kobold zombie (Sewer)
43 creatures vanquished.

Grand Total: 442 creatures vanquished

Notes
Turn   | Place    | Note
-------+----------+-------------------------------------------
     0 | D:1      | Eitelfritz the Hill Orc Fighter began the quest for the
                  | Orb.
     0 | D:1      | Reached XP level 1. HP: 19/19 MP: 1/1
   123 | D:1      | Reached XP level 2. HP: 27/27 MP: 2/2
   178 | D:1      | Reached skill level 3 in Axes
   398 | D:1      | Reached XP level 3. HP: 33/33 MP: 3/3
   932 | D:2      | Found a faded altar of an unknown god.
  1104 | D:2      | Reached skill level 4 in Axes
  1135 | D:2      | Reached XP level 4. HP: 7/40 MP: 4/4
  1382 | D:2      | Noticed Robin
  1409 | D:1      | Killed Robin
  1422 | D:2      | Reached XP level 5. HP: 41/47 MP: 5/5
  2075 | D:3      | Noticed Natasha
  2082 | D:3      | Killed Natasha
  2083 | D:3      | Reached skill level 1 in Ranged Weapons
  2136 | D:3      | Noticed Natasha
  2141 | D:3      | Killed Natasha
  2142 | D:3      | Reached skill level 5 in Axes
  2223 | D:3      | Reached skill level 1 in Dodging
  2297 | D:3      | Found an ancient bone altar of Kikubaaqudgha.
  2297 | D:3      | Found a blossoming altar of Fedhas.
  2307 | D:3      | Noticed Ijyb
  2318 | D:3      | Killed Ijyb
  2319 | D:3      | Reached XP level 6. HP: 5/53 MP: 6/6
  2600 | D:3      | Noticed Natasha
  2619 | D:3      | Killed Natasha
  2933 | D:3      | Became a worshipper of Beogh the Brigand
  2968 | D:3      | Identified a scroll of acquirement
  2968 | D:3      | Acquired a +0 hat of see invisible
  3224 | D:4      | Reached skill level 5 in Fighting
  3299 | D:4      | Reached skill level 6 in Axes
  3299 | D:4      | Reached XP level 7. HP: 61/61 MP: 7/7
  3445 | D:4      | Found a shimmering blue altar of Sif Muna.
  3575 | D:4      | Reached * piety under Beogh
  3619 | D:5      | Entered Level 5 of the Dungeon
  3619 | D:5      | Found Icwad's Assorted Antiques.
  3626 | D:5      | Bought a glowing cabochon ring for 115 gold pieces
  3626 | D:5      | Bought a scroll labelled WIAMINK ZIPASM for 23 gold pieces
  3626 | D:5      | Bought a scroll labelled WIAMINK ZIPASM for 23 gold pieces
  3626 | D:5      | Bought a bubbling cyan potion for 20 gold pieces
  3779 | D:5      | Found Tuphiuditt's General Store.
  3795 | D:5      | Reached skill level 7 in Axes
  4081 | D:5      | Reached skill level 8 in Axes
  4081 | D:5      | Reached XP level 8. HP: 63/70 MP: 8/8
  4195 | D:5      | Found Quwooh's General Store.
  4199 | D:5      | Bought a potion of heal wounds for 55 gold pieces
  4723 | D:6      | Reached skill level 5 in Armour
  4786 | D:6      | Reached ** piety under Beogh
  4793 | D:6      | Found a glowing drain.
  4801 | Sewer    | Entered a sewer
  4948 | Sewer    | Reached skill level 9 in Axes
  4948 | Sewer    | Reached skill level 1 in Invocations
  4988 | Sewer    | Found a burning altar of Makhleb.
  5032 | Sewer    | Noticed Grinder
  5046 | Sewer    | Killed Grinder
  5256 | D:6      | Found a staircase to the Ecumenical Temple.
  5295 | Temple   | Found a transporter.
  5295 | Temple   | Found a transporter.
  5295 | Temple   | Found a transporter.
  5295 | Temple   | Found a transporter.
  5295 | Temple   | Entered the Ecumenical Temple
  5363 | D:6      | Reached skill level 5 in Shields
  5363 | D:6      | Reached XP level 9. HP: 70/78 MP: 11/11
  5429 | D:6      | Reached *** piety under Beogh
  5430 | D:6      | Reached skill level 10 in Axes
  5503 | D:6      | Identified the ring of Woblupti {rF+ Str+6 Dex+3}
  5809 | D:6      | Found Ikhlyturyh's Assorted Antiques.
  5817 | D:6      | Bought a silvery potion for 18 gold pieces
  5817 | D:6      | Bought a scroll labelled ESTEISOAPP for 20 gold pieces
  5817 | D:6      | Bought a scroll labelled ESTEISOAPP for 20 gold pieces
  5843 | D:6      | Found a snail-covered altar of Cheibriados.
  5939 | D:6      | Noticed a troll
  5946 | D:6      | Killed a troll
  6707 | D:7      | Found a white marble altar of Elyvilon.
  6859 | D:7      | Noticed Menkaure
  6864 | D:7      | Killed Menkaure
  6993 | D:7      | Acquired the +0 pair of gloves "Deemonty" {Rampage rC+
                  | rCorr}
  7071 | D:8      | Noticed a two-headed ogre
  7075 | D:8      | Killed a two-headed ogre
  7076 | D:8      | Reached skill level 11 in Axes
  7076 | D:8      | Reached skill level 5 in Invocations
  7279 | D:8      | Found a runed translucent gate.
  7279 | D:8      | Found a runed translucent gate.
  7281 | D:8      | Found a runed translucent gate.
  7285 | D:8      | Noticed beef's ghost (novice DrSh)
  7337 | D:8      | Reached XP level 10. HP: 86/86 MP: 14/14
  8323 | D:8      | Killed beef's ghost
  8324 | D:8      | Reached skill level 12 in Axes
  8324 | D:8      | Reached skill level 1 in Stealth
  8636 | D:9      | Reached skill level 13 in Axes
  8893 | D:9      | Found a staircase to the Orcish Mines.
  8912 | D:9      | Reached **** piety under Beogh
  8918 | D:9      | Gained Boruk as an ally
  9224 | D:9      | Found a burning altar of Makhleb.
  9319 | D:9      | Reached XP level 11. HP: 87/95 MP: 15/15
  9534 | D:10     | Entered Level 10 of the Dungeon
  9971 | D:10     | Found a hide-covered altar of Uskayaw.
 10056 | D:10     | Found an ornate altar of the Wu Jian Council.
 10056 | D:10     | Found a basalt altar of Yredelemnul.
 10177 | D:10     | Reached skill level 14 in Axes
 10479 | D:11     | Noticed a cyclops
 10480 | D:11     | Noticed Harold
 10492 | D:11     | Killed a cyclops
 10497 | D:11     | Killed Harold
 10785 | D:11     | Found a staircase to the Lair.
 10804 | D:11     | Reached ***** piety under Beogh
 10864 | D:11     | Reached skill level 15 in Axes
 11268 | D:11     | Found a shadowy altar of Dithmenos.
 11756 | D:12     | Noticed a deep elf pyromancer
 11775 | D:12     | Killed a deep elf pyromancer
 11780 | D:12     | Reached XP level 12. HP: 12/106 MP: 16/16
 12057 | D:12     | Got the +6 demon whip of the Unstoppable Lovers {flame,
                  | rN+}
 12537 | D:12     | Reached skill level 10 in Fighting
 12760 | D:12     | Reached skill level 16 in Axes
 13220 | D:13     | Noticed a boulder beetle
 13233 | D:13     | Killed a boulder beetle
 13557 | D:13     | Noticed a two-headed ogre
 13562 | D:13     | Gained Marbork as an ally
 13565 | D:13     | Killed a two-headed ogre
 13826 | D:13     | Noticed a centaur warrior
 13838 | D:13     | Killed a centaur warrior
 14634 | D:14     | Noticed a centaur warrior
 14648 | D:14     | Annihilated by a very large slime creature

Illustrated notes

Levels and vault maps discovered:
D:1:      heliophobic_arrival_enchanted_forest, layout_basic
D:2:      layout_basic, shapermc_ecumenical_altar_venn, roderic_serpentine_path,
          uniq_robin
D:3:      layout_rooms, grunt_temple_overflow_growth_and_decay,
          minmay_misc_feat_hallway, nicolae_grassy_gnolls, uniq_natasha,
          uniq_ijyb
D:4:      layout_rooms, mainiacjoe_overflow_concentric_impassable,
          grunt_ministairs_3
D:5:      layout_gridville, serial_shops, shop, shop, shop
D:6:      layout_gridville, kennysheep_mini, minmay_temple_entry_slanted,
          serial_shops, nicolae_shop_crystal, lightli_sewer_entry_pipes,
          abandoned_shop, chequers_serial_rivers_micro_a, serial_bayou_crossing
D:7:      layout_basic, lemuel_doored_altar, uniq_menkaure
D:8:      layout_loops_ring, special_room [special_room_orc],
          gammafunk_ghost_spectres, chequers_serial_rivers_micro_e
D:9:      layout_gridville, lemuel_crystal_altar,
          kennysheep_orc_monster_closet_entryway
D:10:     layout_roguey, marbit_many_paths,
          chequers_temple_overflow_statue_of_worship
D:11:     layout_irregular_city, due_lair_maze_entry_diamond,
          grunt_dithmenos_smoke_and_mirrors, uniq_harold
D:12:     minmay_firetagon, layout_loops_corners, hangedman_decor_points
D:13:     layout_cave_pools
D:14:     cheibrodos_magma_flow, layout_gridville,
          skrybe_vaults_entry_preservation, kennysheep_decorative_pillar,
          serial_shops, shop, kennysheep_generic_room_3
Temple:   hellmonk_temple_divided_pantheon

Skill      XL: |  1  2  3  4  5  6  7  8  9 10 11 12 |
---------------+-------------------------------------+-----
Axes           | 3 4 5 6 8 9 11 13 15 16 | 16.9
Fighting       | 4 5 6 7 8 9 11 | 11.3
Ranged Weapons | 1 2 |  2.7
Dodging        | 1 2 3 |  3.6
Armour         | 4 5 6 8 9 |  9.9
Shields        | 4 5 6 7 |  7.8
Invocations    | 2 5 6 |  6.2
Stealth        | 2 3 |  3.9
Throwing       | |  0.9

Action                     |  1- 3 |  4- 6 |  7- 9 | 10-12 || total
---------------------------+-------+-------+-------+-------++-------
  Melee: War axe           |   106 |   203 |   286 |   477 ||  1072
   Fire: Sling             |       |    16 |    25 |       ||    41
  Throw: Boomerang         |       |     1 |       |     2 ||     3
 Invoke: Convert to Beogh  |       |     1 |       |       ||     1
         Recall Orcish Fol |       |       |       |     3 ||     3
    Use: Potion            |       |     2 |       |     5 ||     7
         Scroll            |       |    10 |     7 |     9 ||    26
   Stab: Distracted        |       |       |     1 |    11 ||    12
         Sleeping          |       |       |       |     1 ||     1
 Armour: Scale mail        |    64 |       |       |   374 ||   438
         Chain mail        |    47 |   187 |   241 |    20 ||   495
  Dodge: Dodged            |    74 |    96 |   117 |   226 ||   513
  Block: Buckler           |    30 |    57 |    91 |   127 ||   305
